 Dungeon Crawl Stone Soup version 0.28.0-53-g5a82cb258f (webtiles) character file.

Game seed: 2861130663250788872

221 Eitelfritz the Chopper (level 5, -4/47 HPs)
             Began as a Hill Orc Fighter on Aug 6, 2022.
             Slain by Duvessa
             ... wielding a +0 short sword
              (12 damage)
             ... on level 4 of the Dungeon.
             The game lasted 00:02:33 (1707 turns).

Eitelfritz the Chopper (Hill Orc Fighter)           Turns: 1707, Time: 00:02:35

Health: -4/47      AC:  7    Str: 21    XL:     5   Next: 98%
Magic:  5/5        EV:  9    Int:  8    God:
Gold:   87         SH:  9    Dex: 10    Spells: 4/4 levels left

rFire   . . .      SeeInvis .   a - +0 war axe
rCold   . . .      Faith    .   c - +0 buckler
rNeg    . . .      Spirit   .   b - +0 scale mail
rPois   .          Reflect  +   (no helmet)
rElec   .          Harm     .   (no cloak)
rCorr   .          Rampage  .   (no gloves)
Will    .....                   (no boots)
Stlth   ..........              l - amulet of reflection
HPRegen 0.15/turn               (no ring)
MPRegen 0.09/turn               (no ring)

@: hasted, very quick
A: no striking features
a: no special abilities


You were on level 4 of the Dungeon.
You visited 1 branch of the dungeon, and saw 3 of its levels.

You collected 87 gold pieces.

Inventory:

Hand Weapons
 a - a +0 war axe (weapon)
Missiles
 k - 2 boomerangs (quivered)
Armour
 b - a +0 scale mail (worn)
 c - a +0 buckler (worn)
Jewellery
 i - an amulet of regeneration
 l - an amulet of reflection (around neck)
Scrolls
 g - a scroll of identify {unknown}
 j - a scroll of amnesia {unknown}
 m - a scroll of immolation {unknown}
 n - a scroll of silence {unknown}
Potions
 e - a potion of flight {unknown}
 f - a potion of mutation {unknown}
 h - a potion of haste


   Skills:
 + Level 4.7 Fighting
 + Level 5.4 Axes
 + Level 4.3 Armour
 + Level 0.6 Dodging
 + Level 0.2 Stealth
 + Level 3.9 Shields


You had 4 spell levels left.
You didn't know any spells.
Your spell library was empty.

Dungeon Overview and Level Annotations

Branches:
Dungeon (2/15)

Altars:
Xom

Shops:
D:4 [

Annotations:
D:4 Dowan, Duvessa


Message History

You now have 87 gold pieces (gained 6).
There are no items here.
A necrophage is nearby!
Dowan, Brother of Duvessa comes into view.
He is wielding a +0 dagger.
Dowan shouts!
Duvessa, Sister of Dowan comes into view.
She is wielding a +0 short sword and wearing a +0 leather armour of willpower.
Found a war axe.
Found Ycvoatz's Antique Armour Emporium.
Duvessa shouts!
Dowan casts a spell at you. The puff of frost hits you!
Dowan gestures at you while chanting. The puff of frost misses you.
Dowan gestures at something while chanting.
Dowan gestures wildly while chanting.
Dowan blinks!
An endoplasm comes into view.
Found 16 gold pieces.
The endoplasm quivers.
The endoplasm hits you but does no damage.
You barely miss the endoplasm. The endoplasm freezes you.
You are frozen.
Duvessa hits you with a +0 short sword.
You hit the endoplasm.
The endoplasm is lightly wounded.
You hit Duvessa.
Duvessa drinks a potion.
Duvessa seems to grow stronger.
The endoplasm hits you but does no damage.
You block Duvessa's attack.
It was a potion of haste.
You feel yourself speed up. Duvessa hits you with a +0 short sword.
* * * LOW HITPOINT WARNING * * *
You block the endoplasm's attack.
You hit Duvessa.
Duvessa is moderately wounded.
You hit the endoplasm. The endoplasm freezes you.
You are frozen.
* * * LOW HITPOINT WARNING * * *
Duvessa hits you with a +0 short sword!
You die... ....#.. .. ....... ..... #....## .PPP.

.....## .#.P∩P.#
#....#
....PP..######...##
e)..........#.....#
e....§..........@.#
...........####.eJ..#
........#.## ##.....#
.....####.####.......#
....................##
.#..####..............
....##
##...........$..
..#..# #..............
..#..###...#...#.#.


You could see Duvessa (fast, strong) and an endoplasm.

Vanquished Creatures
  A jelly (D:2)
  3 hounds (D:4)
  An adder (D:2)
  4 gnolls (D:2)
  2 worms (D:2)
  A dart slug (D:1)
  3 endoplasms (D:1)
  A giant cockroach (D:1)
  5 goblins
  5 hobgoblins
  4 jackals (D:2)
  6 kobolds
  A quokka (D:2)
  5 ball pythons
  3 bats
  2 frilled lizards (D:1)
  2 rats
49 creatures vanquished.

Notes
Turn   | Place    | Note
-------+----------+-------------------------------------------
     0 | D:1      | Eitelfritz the Hill Orc Fighter began the quest for the
                  | Orb.
     0 | D:1      | Reached XP level 1. HP: 19/19 MP: 1/1
   368 | D:1      | Found a faded altar of an unknown god.
   522 | D:1      | Reached XP level 2. HP: 24/27 MP: 2/2
   668 | D:1      | Reached skill level 3 in Axes
   813 | D:1      | Reached XP level 3. HP: 32/33 MP: 3/3
  1329 | D:2      | Reached XP level 4. HP: 37/41 MP: 4/4
  1359 | D:2      | Found a shimmering altar of Xom.
  1445 | D:2      | Reached skill level 4 in Axes
  1458 | D:2      | Reached XP level 5. HP: 23/47 MP: 5/5
  1620 | D:2      | You fall into a shaft and drop 2 floors!
  1640 | D:4      | Reached skill level 5 in Axes
  1667 | D:4      | Noticed a necrophage
  1690 | D:4      | Noticed Dowan
  1691 | D:4      | Found Ycvoatz's Antique Armour Emporium.
  1691 | D:4      | Noticed Duvessa
  1707 | D:4      | Slain by Duvessa

Illustrated notes

Levels and vault maps discovered:
D:1:      evilmike_arrival_hilbert_curve, layout_basic,
          ebering_ecumenical_altar_webs
D:2:      layout_loops_ring, basic_altar, serial_bayou_pond_c,
          minmay_split_cup_small
D:4:      layout_cave_pools, lemuel_tele_altar, temple_fountains, serial_shops,
          nicolae_shop_overgrown_old_shop, nicolae_lakefront_shop,
          nicolae_shop_behind_doors, nicolae_stop_n_shop_2,
          corexii_item_surrounded_by_moat, uniq_duvessa

Skill      XL: |  1  2  3  4  5 |
---------------+----------------+-----
Fighting       | 4 |  4.7
Axes           | 3 4 5 |  5.4
Armour         | 4 |  4.3
Dodging        | |  0.6
Stealth        | |  0.2
Shields        | |  3.9

Action                   |  1- 3 |  4- 6 || total
-------------------------+-------+-------++-------
Melee: War axe           |    99 |    48 ||   147
  Use: Potion            |       |     2 ||     2
Armor: Scale mail        |    49 |    22 ||    71
Dodge: Dodged            |    46 |    25 ||    71
Block: Buckler           |    41 |    23 ||    64
       Reflection        |     1 |       ||     1
